Cogmind - Beta 13 X2 @@@ ROGUE MODE // 2024.01.08 @ 08:11:42 Player: arkn Result: Destroyed by Enhanced Demolisher with Chain Missile Launcher Performance ------------- Evolutions (6) 3000 Regions Visited (11) 2200 Robots Destroyed (121) 605 Value Destroyed (6058) 6058 Prototype IDs (22) 440 Alien Tech Used (0) 0 Bonus (2206) 2206 TOTAL SCORE: 14509 Bonus ------- High Alert Combat Kills 661 Follower Combat Kills 45 Entered DSFs 500 Met Warlord at Base 500 MAIN.C Attacked Warlord 500 Cogmind --------- Core Integrity 0/1150 Matter 300/300 Energy 219/294 System Corruption 0% Temperature Warm (166) Movement Walking (186) Ox1 Location -4/Warlord Parts ------- > --- POWER (2) -------- Multi-Antimatter Reactor > --- PROPULSION (4) --- FC-Myomer Exoskeleton > --- UTILITY (9) ------ Advanced Coolant Injector Large Storage Unit Encrypted Comm Array (fused) Advanced Targeting Computer Advanced Targeting Computer Armor Integrity Analyzer ECM Suite Improved Medium Armor Plating Thermal Defense Suite > --- WEAPON (4) ------- Matter Neutralizer Vortex Driver Vortex Driver Lance > --- INVENTORY (15) --- Neutrino Core Vortex Chain Reactor Enhanced Biometal Leg Enhanced Biometal Leg Advanced Heat Sink Experimental Cooling System Active Sensor Suite Advanced System Shield Proton Missile Launcher Long-range Missile Launcher Great Maul Makeshift Axe Peak State ------------ > --- POWER ------------ Multi-Antimatter Reactor > --- PROPULSION ------- FC-Myomer Exoskeleton > --- UTILITY ---------- Armored Scrap Engine Advanced Heat Sink Coolant Injector Large Storage Unit Advanced Targeting Computer Advanced Targeting Computer Armor Integrity Analyzer Advanced Shield Generator > --- WEAPON ----------- Thermal Dispersion Construct/G Hpw. Kinetic Plasma Construct/G Power Sword > --- INVENTORY -------- Improved Heat Sink Compact Battery Compact Battery Advanced Visual Processing Unit Armor Integrity Analyzer Microactuators Thermal Defense Suite Cooled Plasma Rifle Proton Missile Launcher Long-range Missile Launcher Remote Datajack Great Maul Great Maul Scythe Heavy Pick [Rating: 119] Favorites ----------- Power Constructs Engine Ion Engine Reactor Constructs Propulsion Constructs Leg Constructs Wheel Subdweller Monowheel Utility Large Storage Unit Device Armored Scrap Engine Storage Large Storage Unit Processor Advanced Targeting Computer Protection Improved Medium Armor Plating Weapon Constructs Energy Gun Constructs Energy Cannon Matter Neutralizer Ballistic Gun Constructs Ballistic Cannon Heavy Gauss Cannon Launcher Long-range Missile Launcher Special Weapon Mining Laser Impact Weapon Great Maul Slashing Weapon Scythe Piercing Weapon Lance Build | -11 -10 -10 -9 -7 -6 -5 -5 -4 -4 -4 -4 ------- Run | Yrd Mat Sub Rec Fac Fac Fac DSF Fac Upp Upp War Slots Evolved 12 | . . . . 6 2 2 . 2 . . . Power 1 | . . . . 1 . . . . . . . Propulsion 2 | . . . . 1 1 . . . . . . Utility 7 | . . . . 4 . 2 . 1 . . . Weapon 2 | . . . . . 1 . . 1 . . . Parts Attached 69 | 1 3 5 7 5 6 . 7 19 2 12 2 Power 1 | . . 1 . . . . . . . . . Engine 1 | . . 1 . . . . . . . . . Core . | . . . . . . . . . . . . Reactor . | . . . . . . . . . . . . Propulsion 3 | . . 2 1 . . . . . . . . Treads . | . . . . . . . . . . . . Leg . | . . . . . . . . . . . . Wheel 3 | . . 2 1 . . . . . . . . Hover . | . . . . . . . . . . . . Flight . | . . . . . . . . . . . . Utility 37 | 1 2 . 1 4 2 . 3 15 1 8 . Device 30 | 1 1 . 1 3 1 . 3 13 1 6 . Storage 2 | . 1 . . 1 . . . . . . . Processor 4 | . . . . . 1 . . 2 . 1 . Hackware . | . . . . . . . . . . . . Protection 1 | . . . . . . . . . . 1 . Artifact . | . . . . . . . . . . . . Weapon 28 | . 1 2 5 1 4 . 4 4 1 4 2 Energy Gun 4 | . . 1 2 . . . . . 1 . . Energy Cannon 4 | . . . . . 1 . . . . 1 2 Ballistic Gun 5 | . . 1 1 . 3 . . . . . . Ballistic Cannon 2 | . . . . . . . 2 . . . . Launcher 3 | . . . . . . . 1 2 . . . Special Weapon 3 | . 1 . 2 . . . . . . . . Impact Weapon 1 | . . . . . . . . . . 1 . Slashing Weapon 3 | . . . . 1 . . . 1 . 1 . Piercing Weapon 3 | . . . . . . . 1 1 . 1 . Special Melee Weapon . | . . . . . . . . . . . . Unidentified Prototypes 2 | . . . . . . . . . 1 . 1 Corrupted Parts 1 | . . . . . . . . 1 . . . System Corruption 7 | . . . . . . . . 7 . . . Parts Lost 35 | . . 2 1 2 . . 4 12 4 10 . Power 1 | . . 1 . . . . . . . . . Propulsion 3 | . . . . . . . 1 1 . 1 . Utility 15 | . . . . 1 . . 2 5 . 7 . Weapon 16 | . . 1 1 1 . . 1 6 4 2 . Highest Loss Streak 4 | . . 2 1 1 . . 2 3 3 4 . To Critical Strikes 1 | . . . . . . . . . . 1 . Average Slot Usage (%) 73 | . 100 98 69 60 65 . 59 67 70 66 73 Engine 3 | . 14 13 9 2 3 . . . . . . Core 1 | . . . 2 4 2 . 5 1 . . . Reactor 2 | . . . . . . . . 3 5 5 5 Treads 2 | . . . 8 5 6 . 5 1 2 . . Leg 6 | . 28 10 . 1 . . . 2 2 5 5 Wheel 1 | . . 17 4 . . . . . . . . Device 19 | . 14 14 14 22 21 . 19 23 20 14 21 Storage 6 | . 14 14 . 7 6 . 5 5 5 5 5 Processor 7 | . . . . . 4 . 5 9 15 19 15 Energy Gun 4 | . 1 14 14 3 5 . 2 3 4 3 . Energy Cannon 2 | . . . . . 2 . . 3 . 2 10 Ballistic Gun 5 | . 14 13 12 1 4 . . 1 6 3 . Ballistic Cannon 1 | . . . . 3 . . 6 4 2 . . Special Weapon 1 | . 12 . . . . . . . . . . Slashing Weapon 1 | . . . . 5 6 . . 1 4 . . Piercing Weapon 1 | . . . . . . . 4 1 . 4 5 Naked Turns . | . . . . . . . . . . . . Heaviest Build 117 | 15 29 32 32 48 47 43 65 87 86 92 117 Greatest Support 155 | 20 20 40 40 114 114 68 68 155 110 110 82 Greatest Overweight (x) 2 | . 1 1 2 1 . . 1 1 . 1 1 Average Overweight (x) . | . . . . . . . . . . . 1 Largest Inventory Capacity 15 | 8 15 15 15 15 15 15 15 15 15 15 15 Average Capacity 14 | 8 13 15 5 14 15 15 15 15 15 15 15 Most Carried 15 | 8 9 14 15 15 15 15 14 15 15 15 15 Average Carried 12 | 6 8 11 5 9 14 15 13 13 14 12 14 Final Capacity 15 | 8 15 15 5 15 15 15 15 15 15 15 15 Final Carried 15 | 8 9 14 5 14 15 15 13 15 14 15 15 Scrap Engine Consumption 226 | . . . 26 31 24 . 42 85 9 9 . Constructs Created 12 | . . . 3 . . . 1 7 . 1 . Constructs Modified 79 | . . . 5 14 9 . 3 39 6 3 . Class Distribution -------------------- 54% | Construct 32% | Mutant 6% | Gunner 3% | Scavenger-Mutant Dominant Class ---------------- Mutant | -10/Materials Scavenger-Mutant | -10/Subcaves Construct | -9/Recycling Construct | -7/Factory Construct | -6/Factory Construct | -5/Factory Mutant | -5/DSF Construct | -4/Factory Construct | -4/Upper Caves Mutant | -4/Upper Caves Gunner | -4/Warlord Resources | -11 -10 -10 -9 -7 -6 -5 -5 -4 -4 -4 -4 ----------- Run | Yrd Mat Sub Rec Fac Fac Fac DSF Fac Upp Upp War Matter Collected 3505 | 252 . 233 83 369 362 . 134 1534 263 243 32 Remotely 310 | . . . . . . . . 310 . . . Salvage Created 6312 | 111 . 275 148 665 574 . 234 2771 686 848 . Parts 278 | 8 . 10 10 34 38 . 8 124 18 28 . Haulers Intercepted 3 | . . . . . . . 1 2 . . . Recyclers Shooed 7 | 1 . . . . 4 . . 2 . . . Parts Field Recycled . | . . . . . . . . . . . . Retrieved Matter . | . . . . . . . . . . . . Parts Self-Destructed 49 | . . 7 . . . . . . 17 25 . Prevented 1 | . . . . . . . . . . 1 . Kills | -11 -10 -10 -9 -7 -6 -5 -5 -4 -4 -4 -4 ------- Run | Yrd Mat Sub Rec Fac Fac Fac DSF Fac Upp Upp War Combat Hostiles Destroyed 104 | . . 7 3 12 8 . 8 42 9 15 . Melee 4 | . . . . . . . . . . 4 . Guns 60 | . . 7 3 6 5 . 1 21 8 9 . Cannons 29 | . . . . 6 2 . 5 14 . 2 . AOE 9 | . . . . . . . 2 7 . . . Classes Destroyed 19 | 2 . 5 2 1 2 . 3 2 1 1 . Worker 2 | . . . . . . . . 2 . . . Builder 3 | . . . . . 1 . . 2 . . . Tunneler 3 | 3 . . . . . . . . . . . Hauler 3 | . . . . . . . 1 2 . . . Recycler 4 | 1 . . . . 1 . . 2 . . . Turret 1 | . . 1 . . . . . . . . . Watcher 1 | . . . . . 1 . . . . . . Swarmer 22 | . . 1 . . 3 . 4 9 . 5 . Grunt 31 | . . 2 . 6 . . . 13 5 5 . Brawler 1 | . . . . . . . . . . 1 . Duelist 3 | . . . . . . . . 1 1 1 . Sentry 14 | . . 1 1 3 4 . . 2 2 1 . Demolisher 1 | . . . 1 . . . . . . . . Specialist 1 | . . . . . . . 1 . . . . Hunter 9 | . . . . 1 . . . 6 . 2 . Programmer 16 | . . . 1 2 1 . 2 10 . . . Heavy 2 | . . . . . . . 1 1 . . . Behemoth 1 | . . . . . . . . . 1 . . Subdweller 3 | . . 3 . . . . . . . . . Best Kill Streak 7 | 3 . 3 1 3 3 . 5 7 4 4 . Combat Bots Only 7 | . . 3 1 3 3 . 5 7 4 4 . Max Kills in Single Turn 3 | 1 . 1 1 1 1 . 2 3 1 2 . Gunslinging 1 | . . . . . . . . . . 1 . Exploded 2 | . . . . . . . 2 2 . . . Melee 1 | . . . . . . . . . . 1 . Uniques/NPCs Destroyed . | . . . . . . . . . . . . Combat | -11 -10 -10 -9 -7 -6 -5 -5 -4 -4 -4 -4 -------- Run | Yrd Mat Sub Rec Fac Fac Fac DSF Fac Upp Upp War Hostile Shots Fired 1202 | . . 42 27 152 113 . 85 442 97 242 2 Missed 374 | . . 11 5 65 50 . 24 128 22 69 . Damage Taken 14524 | . . 532 456 1047 644 . 1339 5398 1811 3179 118 Core 1754 | . . 157 90 126 132 . 98 630 180 322 19 Absorbed by Shields 923 | . . . . . . . 106 717 . 100 . Ignored by Resistances 103 | . . . . . . . . 35 . 68 . Regen/Repaired (Parts) 5301 | . . . 128 753 135 . 348 2995 168 592 182 Core Remaining (%) 71 | 100 . . 1 82 84 . 90 . . . . Volleys Fired 396 | 14 14 30 14 50 28 . 27 133 37 46 3 Largest 4 | 2 2 2 2 2 2 . 2 4 3 2 3 Hottest 305 | 70 100 80 91 91 138 . 150 187 160 129 305 Shots Fired 720 | 28 19 54 28 60 55 . 42 287 75 66 6 Gun 463 | 28 10 54 28 38 38 . 7 129 75 56 . Cannon 240 | . . . . 22 17 . 34 151 . 10 6 Launcher 8 | . . . . . . . 1 7 . . . Special 9 | . 9 . . . . . . . . . . Kinetic 209 | 14 5 24 14 23 28 . 33 56 . 12 . Thermal 382 | 14 14 30 4 27 10 . 7 146 75 54 1 Explosive 8 | . . . . . . . 1 7 . . . Electromagnetic 116 | . . . 10 10 17 . 1 78 . . . Entropic 5 | . . . . . . . . . . . 5 Robot Hit Streak 35 | 5 8 17 10 12 10 . 20 35 29 20 7 Robot Miss Streak 9 | 2 1 2 1 3 4 . 2 9 2 3 . Penetration Max 1 | . . . . . . . . 1 . . 1 Secondary Targets 2 | . . . . . . . . . . 2 . Max Gunslinging Chain 1 | . . . . . . . . . . 1 . Shots Hit Robots 521 | 17 7 27 21 45 42 . 35 199 67 58 3 Core Hits 250 | 5 1 13 9 19 21 . 15 117 24 24 2 Critical Kills 4 | . . . . . 3 . . . 1 . . Critical Parts Destroyed 5 | . . 1 1 . 2 . . . 1 . . Critical Strikes 34 | 2 1 4 1 1 5 . 4 2 3 8 3 Burn 13 | 2 1 3 . . . . . . . 7 . Destroy 10 | . . 1 1 . 5 . . . 3 . . Blast 4 | . . . . . . . 4 . . . . Corrupt 3 | . . . . 1 . . . 2 . . . Impale 1 | . . . . . . . . . . 1 . Sunder 3 | . . . . . . . . . . . 3 Melee Attacks 41 | . . . . 11 8 . . 11 1 10 . Impact 1 | . . . . . . . . . . 1 . Slashing 23 | . . . . 11 8 . . 2 1 1 . Piercing 17 | . . . . . . . . 9 . 8 . Sneak Attacks 7 | . . . . . 3 . . 2 . 2 . Combat Hostiles . | . . . . . . . . . . . . Follow-up Attacks . | . . . . . . . . . . . . Damage Inflicted 16484 | 211 89 442 250 1150 925 . 1627 7855 1763 1690 482 Guns 7700 | 211 89 442 250 577 345 . 150 2987 1703 946 . Cannons 6197 | . . . . 571 359 . 1070 3391 . 324 482 Explosions 1664 | . . . . . . . 407 1257 . . . Melee 906 | . . . . . 219 . . 220 47 420 . Ramming 17 | . . . . 2 2 . . . 13 . . Kinetic 3380 | 111 26 241 175 356 242 . 1055 1018 . 156 . Thermal 8467 | 100 63 201 26 688 103 . 150 4281 1703 1114 38 Explosive 1161 | . . . . . . . 407 754 . . . Electromagnetic 2109 | . . . 49 104 359 . 15 1582 . . . Impact 53 | . . . . . . . . . . 53 . Slashing 361 | . . . . . 219 . . 64 47 31 . Piercing 492 | . . . . . . . . 156 . 336 . Entropic 444 | . . . . . . . . . . . 444 Highest Corruption 26 | . . . 1 3 . . 2 26 26 26 26 Average Corruption 16 | . . . 1 2 . . 1 10 26 26 26 Corruption Purged 7 | . . . . . . . . 7 . . . Corruption Blocked 2 | . . . . . . . . . . . 2 Effects 182 | . . . 2 9 . . 1 52 59 55 4 Message Errors 35 | . . . 1 . . . . 11 14 9 . Matter Fused 54 | . . . . 3 . . 1 15 20 13 2 Heat Flow Errors 23 | . . . 1 1 . . . 8 5 8 . Energy Discharges 18 | . . . . 3 . . . 1 6 6 2 Parts Rejected 3 | . . . . . . . . 2 . 1 . Parts Fused 1 | . . . . . . . . . 1 . . Data Loss (minor) 24 | . . . . 2 . . . 7 8 7 . Data Loss (major) 8 | . . . . . . . . 3 3 2 . Misfires 2 | . . . . . . . . . . 2 . Alerts 5 | . . . . . . . . 3 2 . . Misdirections 1 | . . . . . . . . . . 1 . Weapon Failures 8 | . . . . . . . . 2 . 6 . Overload Shots 7 | . . . . . . . . 7 . . . Overflow Damage 306 | . . . . 23 53 . 83 128 . 19 . Projectiles 179 | . . . . 23 17 . 80 40 . 19 . Explosions 52 | . . . . . . . 3 49 . . . Melee 75 | . . . . . 36 . . 39 . . . Knockbacks 25 | . . . . . . . 14 11 . . . Impact . | . . . . . . . . . . . . Kinetic 21 | . . . . . . . 12 9 . . . Secondary 4 | . . . . . . . 2 2 . . . Self-Inflicted Damage 111 | . . . . . . . 44 67 . . . Shots 2 | . . . . . . . 1 1 . . . Rammed 2 | . . . . 1 1 . . . . . . Targets Rammed 4 | . 1 . . 1 1 . . . 1 . . Kicked 2 | . 1 . . . . . . . 1 . . Crushed . | . . . . . . . . . . . . Highest Temperature 350 | 56 40 . 243 210 30 . . 350 189 261 181 Average Temperature 59 | 21 13 . 69 45 16 . . 74 72 70 83 Received Heat Transfer 2348 | . . 144 36 360 90 . . 902 318 498 . Siege Activations . | . . . . . . . . . . . . Robots Corrupted 1 | . . . . . 1 . . . . . . Combat Hostiles 1 | . . . . . 1 . . . . . . Parts Fried 6 | . . . . 2 . . . 4 . . . Impact Corruptions . | . . . . . . . . . . . . Robots Melted 1 | . . . . . . . . . 1 . . Combat Hostiles 1 | . . . . . . . . . 1 . . Parts Melted 19 | . . . . 1 . . . 6 5 7 . Heat Transferred 11390 | 444 259 814 74 717 187 . 300 4073 1875 2629 18 Parts Sabotaged . | . . . . . . . . . . . . Parts Stolen . | . . . . . . . . . . . . Parts Stripped . | . . . . . . . . . . . . Power Chain Reactions 1 | . . . . . . . . 1 . . . Missiles Intercepted . | . . . . . . . . . . . . Alert | -11 -10 -10 -9 -7 -6 -5 -5 -4 -4 -4 -4 ------- Run | Yrd Mat Sub Rec Fac Fac Fac DSF Fac Upp Upp War Peak Influence 994 | 20 56 . 108 154 200 18 214 994 . . . Initial 112 | . 13 . 19 54 14 3 12 112 . . . Average 201 | 8 10 . 40 72 72 13 60 511 . . . Maximum Alert Level 3 | . . . . . 1 . 1 3 . . . Low Security (%) 67 | 100 100 . 100 100 97 100 91 5 . . . Level 1 10 | . . . . . 2 . 8 28 . . . Level 2 15 | . . . . . . . . 47 . . . Level 3 6 | . . . . . . . . 18 . . . Level 4 . | . . . . . . . . . . . . Level 5 . | . . . . . . . . . . . . High Security . | . . . . . . . . . . . . Max Security . | . . . . . . . . . . . . Sterilizations 1 | . . . . . . . 1 . . . . Squads Dispatched 23 | . 2 . . 5 1 . . 14 . 1 . Investigation 5 | . 1 . . 1 . . . 3 . . . Extermination 8 | . . . . 2 1 . . 5 . . . Reinforcement 8 | . 1 . . 2 . . . 5 . . . Assault 2 | . . . . . . . . 1 . 1 . Garrison . | . . . . . . . . . . . . Intercept . | . . . . . . . . . . . . Searches Triggered . | . . . . . . . . . . . . Construction Impeded 1 | . . . . . . . . 1 . . . Haulers Reinforced 3 | . . . . 1 . . . 2 . . . Active Scanning Responses . | . . . . . . . . . . . . Cargo Convoy Interrupts . | . . . . . . . . . . . . Stealth | -11 -10 -10 -9 -7 -6 -5 -5 -4 -4 -4 -4 --------- Run | Yrd Mat Sub Rec Fac Fac Fac DSF Fac Upp Upp War Distress Signals 5 | . 1 . . 1 . . . 2 . . 1 Communications Jammed 3 | . . . . . . . 3 . . . . Distress Signals . | . . . . . . . . . . . . Times Spotted 140 | . 6 8 4 14 9 . 8 53 9 24 5 Peak Tracking Total 8 | . 2 3 2 3 3 1 5 7 7 8 5 Tactical Retreats 12 | . . . . 1 . . . 6 . 5 . Traps | -11 -10 -10 -9 -7 -6 -5 -5 -4 -4 -4 -4 ------- Run | Yrd Mat Sub Rec Fac Fac Fac DSF Fac Upp Upp War Traps Triggered 6 | . 1 . . 1 . . 2 2 . . . Indirectly . | . . . . . . . . . . . . Trap Hack Attempts . | . . . . . . . . . . . . Triggered . | . . . . . . . . . . . . Disarmed . | . . . . . . . . . . . . Reprogrammed . | . . . . . . . . . . . . Reused 1 | . . . . . 1 . . . . . . Traps Extracted . | . . . . . . . . . . . . Installed 2 | . . . . 1 1 . . . . . . Triggered 28 | . . 2 . . 1 . . 3 . 1 21 Most Traps Carried 1 | . . . . 1 1 . . . . . . Machines | -11 -10 -10 -9 -7 -6 -5 -5 -4 -4 -4 -4 ---------- Run | Yrd Mat Sub Rec Fac Fac Fac DSF Fac Upp Upp War Machines Disabled 14 | . . 2 . . 1 . 1 9 . . 1 Max in Single Turn 3 | . . 1 . . 1 . 1 3 . . 1 Garrison Access 1 | . . . . . . . . 1 . . . Machines Repaired . | . . . . . . . . . . . . Machines Dismantled . | . . . . . . . . . . . . Machines Sabotaged . | . . . . . . . . . . . . Overloaded Fab Kills 3 | . . . . . . . . 3 . . . Hacking | -11 -10 -10 -9 -7 -6 -5 -5 -4 -4 -4 -4 --------- Run | Yrd Mat Sub Rec Fac Fac Fac DSF Fac Upp Upp War Machines Accessed 29 | . 1 . 5 4 3 1 . 4 1 . 10 Terminals 13 | . 1 . 4 4 1 1 . 2 . . . Fabricators 1 | . . . . . . . . 1 . . . Repair Stations . | . . . . . . . . . . . . Recycling Units 2 | . . . 1 . 1 . . . . . . Scanalyzers 1 | . . . . . 1 . . . . . . Garrison Access 1 | . . . . . . . . 1 . . . Total Hacks 71 | . 6 . 21 9 4 1 . 8 1 . 21 Successful 47 | . 3 . 12 4 1 1 . 4 1 . 21 Failed 24 | . 3 . 9 5 3 . . 4 . . . Catastrophic 4 | . . . 2 1 1 . . . . . . Database Lockouts . | . . . . . . . . . . . . Manual 36 | . 6 . 17 9 1 . . 3 . . . Terminals 41 | . 6 . 19 9 1 1 . 5 . . . Fabricators 2 | . . . . . . . . 2 . . . Repair Stations . | . . . . . . . . . . . . Recycling Units 4 | . . . 2 . 2 . . . . . . Scanalyzers 1 | . . . . . 1 . . . . . . Garrison Access 1 | . . . . . . . . 1 . . . Terminal Hacks 34 | . 1 . 6 2 . 1 . 2 1 . 21 Record 14 | . . . 1 . . . . . . . 13 Prototype ID Bank 7 | . . . . . . . . . . . 7 Open Door 2 | . . . . . . . . . 1 . 1 Open DSF 1 | . . . . . . 1 . . . . . Level Access Points 1 | . . . 1 . . . . . . . . Terminal Index 2 | . . . 1 1 . . . . . . . Garrison Index 1 | . . . . 1 . . . . . . . Alert Level 1 | . . . 1 . . . . . . . . Locate Traps 1 | . . . 1 . . . . . . . . Zone Layout 4 | . 1 . 1 . . . . 2 . . . Fabricator Hacks . | . . . . . . . . . . . . Repair Station Hacks . | . . . . . . . . . . . . Recycling Unit Hacks 1 | . . . 1 . . . . . . . . Retrieve Components 1 | . . . 1 . . . . . . . . Scanalyzer 1 | . . . . . 1 . . . . . . Insert Component 1 | . . . . . 1 . . . . . . Garrison Access Hacks 1 | . . . . . . . . 1 . . . Seal Access 1 | . . . . . . . . 1 . . . Unauthorized Hacks 10 | . 2 . 5 2 . . . 1 . . . Terminals 9 | . 2 . 5 2 . . . . . . . Track 2 | . 1 . 1 . . . . . . . . Botnet 7 | . 1 . 4 2 . . . . . . . Fabricators 1 | . . . . . . . . 1 . . . Overload 1 | . . . . . . . . 1 . . . Repair Stations . | . . . . . . . . . . . . Recycling Units . | . . . . . . . . . . . . Scanalyzers . | . . . . . . . . . . . . Garrison Access . | . . . . . . . . . . . . Data Cores Recovered . | . . . . . . . . . . . . Used . | . . . . . . . . . . . . Hacking Detections 15 | . 1 . 5 4 2 . . 3 . . . Full Trace Events 3 | . 1 . 1 1 . . . . . . . Feedback Events . | . . . . . . . . . . . . Feedback Blocked . | . . . . . . . . . . . . Robot Schematics Acquired . | . . . . . . . . . . . . Robots Built . | . . . . . . . . . . . . Authchips . | . . . . . . . . . . . . Time . | . . . . . . . . . . . . Total Robot Build Rating . | . . . . . . . . . . . . Part Schematics Acquired . | . . . . . . . . . . . . Parts Built . | . . . . . . . . . . . . Authchips . | . . . . . . . . . . . . Time . | . . . . . . . . . . . . Total Part Build Rating . | . . . . . . . . . . . . Parts Repaired . | . . . . . . . . . . . . Time . | . . . . . . . . . . . . Parts Recycled . | . . . . . . . . . . . . Recycled Matter . | . . . . . . . . . . . . Retrieved Matter . | . . . . . . . . . . . . Retrieved Components 2 | . . . 2 . . . . . . . . Parts Scanalyzed . | . . . . . . . . . . . . Part Schematics Acquired . | . . . . . . . . . . . . Parts Damaged . | . . . . . . . . . . . . Bothacking | -11 -10 -10 -9 -7 -6 -5 -5 -4 -4 -4 -4 ------------ Run | Yrd Mat Sub Rec Fac Fac Fac DSF Fac Upp Upp War Used RIF Installer . | . . . . . . . . . . . . Robots Hacked . | . . . . . . . . . . . . Non-combat . | . . . . . . . . . . . . Combat . | . . . . . . . . . . . . Robot Hacks Applied . | . . . . . . . . . . . . Relay Couplers Released . | . . . . . . . . . . . . Fabnet Peak Effective % . | . . . . . . . . . . . . Robots Rewired 5 | . . . 5 . . . . . . . . Allies Hacked . | . . . . . . . . . . . . Hacks Repelled . | . . . . . . . . . . . . Allies | -11 -10 -10 -9 -7 -6 -5 -5 -4 -4 -4 -4 -------- Run | Yrd Mat Sub Rec Fac Fac Fac DSF Fac Upp Upp War Total Allies 5 | . . . 5 . . . . . . . . Largest Group 5 | . . . 5 5 . . . . . . . Highest-Rated Group 51 | . . . 51 51 . . . . . . . Highest-Rated Ally 18 | . . . 18 18 . . . . . . . Total Orders . | . . . . . . . . . . . . Ally Attacks 11 | . . . 2 9 . . . . . . . Total Damage 139 | . . . 36 103 . . . . . . . Kills 1 | . . . 1 . . . . . . . . Allies Corrupted . | . . . . . . . . . . . . Allies Melted 2 | . . . . . . . . . . . 2 Intel | -11 -10 -10 -9 -7 -6 -5 -5 -4 -4 -4 -4 ------- Run | Yrd Mat Sub Rec Fac Fac Fac DSF Fac Upp Upp War Robot Analysis Total . | . . . . . . . . . . . . Derelict Logs Recovered 3 | . . 2 . . . . . . . 1 . Drone Launches . | . . . . . . . . . . . . Drone Recoveries . | . . . . . . . . . . . . Exploration | -11 -10 -10 -9 -7 -6 -5 -5 -4 -4 -4 -4 ------------- Run | Yrd Mat Sub Rec Fac Fac Fac DSF Fac Upp Upp War Turns Passed 11018 | 87 1500 529 528 1288 969 3 276 2312 1273 967 1286 Spaces Moved 5264 | 35 213 295 305 845 631 3 125 957 834 473 548 Core 14 | . . . 14 . . . . . . . . Treads 2325 | . . . 165 704 631 3 125 292 405 . . Legs 2408 | 35 213 60 . 141 . . . 509 429 473 548 Wheels 517 | . . 235 126 . . . . 156 . . . Hover . | . . . . . . . . . . . . Flight . | . . . . . . . . . . . . Fastest Speed 50 | 120 120 110 50 127 127 127 127 103 127 127 186 Average Speed 142 | 120 156 126 120 127 127 127 151 141 138 166 186 Slowest Speed 190 | 120 190 190 150 160 127 127 160 180 184 186 186 Overloaded Moves . | . . . . . . . . . . . . Propulsion Burnouts . | . . . . . . . . . . . . Robots Hopped . | . . . . . . . . . . . . Cave-ins Triggered . | . . . . . . . . . . . . Exploration Rate (%) 44 | 4 48 23 54 23 12 . 79 19 96 62 74 Regions Visited 11 Branch Regions 5 Pre-discovered Areas 1 | . . . . . . . . . 1 . . Known Exits Taken 2 | . . . 1 . . 1 . . . . . Unknown Exits Taken 8 | 1 1 1 . 1 1 . . 1 1 1 . Scrap Searched 6 | . . 1 . . . . . . 3 2 . Spaces Dug 40 | . 9 . . 9 4 . . 15 . . 3 Terrain Destroyed 129 | . 9 . . 15 5 . 18 76 1 1 4 Melee 18 | . . . . 9 4 . . 5 . . . Projectile 39 | . 9 . . 6 . . 4 14 1 1 4 AOE 71 | . . . . . . . 14 57 . . . Terrain Rammed . | . . . . . . . . . . . . Walls Destroyed . | . . . . . . . . . . . . Machines Disabled . | . . . . . . . . . . . . Actions | -11 -10 -10 -9 -7 -6 -5 -5 -4 -4 -4 -4 --------- Run | Yrd Mat Sub Rec Fac Fac Fac DSF Fac Upp Upp War Total 8035 | 51 1341 396 442 979 737 2 169 1658 881 567 812 Wait 2054 | . 1106 59 12 50 36 . 5 516 4 16 250 Move 5253 | 34 212 294 304 844 630 2 124 956 833 472 548 Hop . | . . . . . . . . . . . . Pick Up 70 | 2 3 5 6 14 14 . 1 11 1 9 4 Fast Attach 22 | 1 . 4 2 . 2 . 1 3 1 6 2 Attach 34 | . . . 2 5 4 . 4 12 1 6 . Detach 6 | . . . . . . . 1 5 . . . Swap 13 | . 3 1 3 . . . 2 4 . . . Drop 48 | . 2 3 11 3 13 . 1 7 1 2 5 Fire 396 | 14 14 30 14 50 28 . 27 133 37 46 3 Melee 41 | . . . . 11 8 . . 11 1 10 . Ram . | . . . . . . . . . . . . Kick 2 | . 1 . . . . . . . 1 . . Crush 2 | . . . . 1 1 . . . . . . Escape Stasis 3 | . . . . . . . 3 . . . . Rewire 89 | . . . 88 . . . . . 1 . . Trap 2 | . . . . 1 1 . . . . . . Miscellaneous . | . . . . . . . . . . . . Route ------- -11/Scrapyard -10/Materials (discovered 2 exits: [Mat] / [*Sub]) -10/Subcaves -9/Recycling -7/Factory -6/Factory (discovered 2 exits: *Fac / [*Low]) -5/Factory -5/DSF -4/Factory -4/Upper Caves -4/Upper Caves -4/Warlord History --------- Turn | Location | Event 22 | -11/Scrapyard | Discovered new exit (range 3) 88 | -11/Scrapyard | Entered Materials 320 | -10/Materials | Build established: Mutant 361 | -10/Materials | Discovered new exit (range 9) 1554 | -10/Materials | Discovered new exit (range 10) 1588 | -10/Materials | Entered Subcaves 1590 | -10/Subcaves | Learned 2 Materials zone layouts 1593 | -10/Subcaves | Shifting Twisted Machinery released Shrapnel Trap 1597 | -10/Subcaves | Shifting Twisted Machinery released Shrapnel Trap 1615 | -10/Subcaves | Learned Materials stockpile data 1745 | -10/Subcaves | Ambushed by Subdweller buried in earth 1749 | -10/Subcaves | Ambushed by Subdweller buried in earth 1749 | -10/Subcaves | Ambushed by Subdweller buried in earth 1806 | -10/Subcaves | A swath of the cavern ceiling suddenly collapsed 1909 | -10/Subcaves | Core integrity fell below 50% 2069 | -10/Subcaves | Build established: Scavenger-Mutant 2083 | -10/Subcaves | Discovered new exit (range 14) 2117 | -10/Subcaves | Entered Recycling 2118 | -9/Recycling | Found Scrap Engine 2369 | -9/Recycling | Identified exit to Factory 2409 | -9/Recycling | Core integrity fell below 20% 2490 | -9/Recycling | Build established: Construct 2645 | -9/Recycling | Entered Factory 2645 | -7/Factory | Accompanied by 5 allies 2645 | -7/Factory | Evolved 6 slots: Power x1, Propulsion x1, Utility x4 2829 | -7/Factory | Lost 5 allies 3542 | -7/Factory | Discovered new exit (range 16) 3933 | -7/Factory | Entered another Factory area 3933 | -6/Factory | Evolved 2 slots: Propulsion x1, Weapon x1 4055 | -6/Factory | Discovered new exit (range 16) 4462 | -6/Factory | Discovered new exit (range 14) 4902 | -6/Factory | Entered another Factory area 4902 | -5/Factory | Evolved 2 slots: Utility x2 4905 | -5/Factory | Identified exit to DSF 4905 | -5/Factory | Entered DSF 4957 | -5/DSF | Additional patrols routed to DSF 5095 | -5/DSF | Discovered new exit (range 15) 5164 | -5/DSF | Sterilization system engaged 5181 | -5/DSF | Entered Factory 5181 | -4/Factory | Evolved 2 slots: Utility x1, Weapon x1 5565 | -4/Factory | Lost 3 parts (2u1w) 5951 | -4/Factory | Destroyed 7 combat bots 6240 | -4/Factory | Spotted B-86 Titan 6431 | -4/Factory | First assault squad dispatched 6694 | -4/Factory | System corruption reached 10% 6779 | -4/Factory | Lost 3 parts (1u2w) 7071 | -4/Factory | Core integrity fell below 50% 7094 | -4/Factory | Discovered new exit (range 8) 7181 | -4/Factory | Found Prototype Device 7493 | -4/Factory | Entered Upper Caves 7499 | -4/Upper Caves | Met a Warlord Commander 7500 | -4/Upper Caves | Learned location of Warlord (-4) 7502 | -4/Upper Caves | Found Encrypted Comm Array 7974 | -4/Upper Caves | Discovered new exit (range 13) 8330 | -4/Upper Caves | Spotted B-86 Titan 8344 | -4/Upper Caves | Destroyed B-86 Titan 8416 | -4/Upper Caves | Attracted the attention of an 0b10 checkpoint 8531 | -4/Upper Caves | Attracted the attention of an 0b10 outpost 8581 | -4/Upper Caves | Lost 3 parts (3w) 8766 | -4/Upper Caves | Entered another Upper Caves area 8894 | -4/Upper Caves | Core integrity fell below 20% 8941 | -4/Upper Caves | Lost 3 parts (1n2u) 9179 | -4/Upper Caves | Build established: Mutant 9329 | -4/Upper Caves | Spotted B-86 Titan 9356 | -4/Upper Caves | Discovered new exit (range 14) 9390 | -4/Upper Caves | Learned Research garrison access intel 9404 | -4/Upper Caves | Attracted the attention of an 0b10 checkpoint 9491 | -4/Upper Caves | Attracted the attention of an 0b10 outpost 9513 | -4/Upper Caves | Encountered a Warlord checkpoint 9551 | -4/Upper Caves | Lost 4 parts (2u2w) 9733 | -4/Upper Caves | Lost 3 allies 9733 | -4/Upper Caves | Entered Warlord 9800 | -4/Warlord | System corruption cleaned by Quarantine Array 10225 | -4/Warlord | Received a Watcher feed algorithm from an ecstatic Tinkerer 10314 | -4/Warlord | Visited the Vortex Lab 10324 | -4/Warlord | Warlord's base attacked by MAIN.C 10331 | -4/Warlord | Found Prototype Energy Cannon 10331 | -4/Warlord | Identified Vortex Driver 10335 | -4/Warlord | Found Vortex Driver 10641 | -4/Warlord | Build established: Gunner 10674 | -4/Warlord | Warlord forces counterattacked 10794 | -4/Warlord | Learned Research trap positions 10794 | -4/Warlord | Learned Armory stockpile data 10796 | -4/Warlord | Learned 4 Armory zone layouts 10796 | -4/Warlord | Learned 4 Research zone layouts 10796 | -4/Warlord | Learned 4 Research zone layouts 10798 | -4/Warlord | Learned Factory terminal intel 10798 | -4/Warlord | Learned Factory fabricator intel 10798 | -4/Warlord | Learned Armory repair station intel 10835 | -4/Warlord | Met Warlord 10866 | -4/Warlord | Found Prototype Reactor 10999 | -4/Warlord | Warlord base infiltrated, sounded retreat 11019 | -4/Warlord | Destroyed by Enhanced Demolisher with Chain Missile Launcher Last Messages --------------- 10889_ Acquired Prototype Leg. 10894_ Dropped Com. Battery. 10894_ Acquired Prototype Device. 10914_ ANNOUNCEMENT: MAIN.C reinforcements approaching through caves, arriving soon. 10924_ ANNOUNCEMENT: Detected 2 Hunter squads, 1 Melee squad, 1 Swarmer squad, with prototype support. 10999_ ANNOUNCEMENT: Base interior infiltrated, regroup at designated outer cave rendezvous points. 11007_ Acquired 32 matter. 11012_ Vortex penetrates Wall. 11012_ L-61 Swordsman suffers critical hit (Sunder). 11012_ L-61 Swordsman Flexi-carbon Leg ripped off. 11012_ Vortex penetrates Wall. 11014_ ANNOUNCEMENT: MAIN.C reinforcements approaching through caves, arriving soon. 11014_ Critical hit (Smash). 11014_ Knocked back. 11015_ Vortex penetrates L-61 Swordsman. 11015_ L-61 Swordsman suffers critical hit (Sunder). 11015_ L-61 Swordsman Power Sword ripped off. 11015_ B-74 Champion suffers critical hit (Sunder). 11015_ B-74 Champion Rnf. Antimatter Reactor ripped off. 11015_ Vortex penetrates L-61 Swordsman. Map ----- +----------------------------------------------------+ | "#???????????????????##" ?????# """ + #????# | | "#????????????????????###?????# """ # #????# | | "#????????????????????????????# """ # ###### | | "#????????????????????????????# """ # # | | ??????????????????????????????# + + | | ??????????????????????????????########## # | | ????????????????????????????????##########+## # | | ????????????????????????????????# # ## | | ????????????????????????????????# # | | ????????????????????????????????# """ """ + | | ????????????????????????????????# """ """ # | | ????????????????????????????????# """ """ # | | ????????????????????????????????# # #### | | ????????????????????????????????# # # | | ????????????????????????????##############+## # | | ????????????????????????????# # # | | ????????????????????????????# # | | ????????????????????????????# + | | ????????????????###########?# # | | ####????????????# #?# # | | ?????????????# x h #### # ## # ## # | | """?????????????#! h # | | !!"?????????????# i b * i % # | | """?????????????# Y l !bi = #### | | #???????????????# ! * | | ????????????????# % d @ # ##### #### | | #####???????????# # ??????? | | #?###########;######## + ????? """ | | #?# ## #??????####" ???? """ | | #?# ## #??????????# ????? ""? | | #?# ## #??????????# ????? "??? | | #?# ## #??????????#########?????? "??? | | "" #?# ## #????##############???????????? | | "" #?? ?# #????# X#= !!==##??????????? | | "" #?? ?# #????# = "#??????????? | | "" #??? ??# #????# " / ##??????????? | | ###?##??? ??# #????# " =#???????????? | | ##########+##+#### #????# # !=#???????????? | | #????# #########???????????? | | ####????# """"""""#???????????? | | ######## ####????# "#???????????? | | #?# ## ###### "#???????????? | | ### + "#???????????? | | + ^+ ""#???????????? | | ### + "#???????????? | | #?# ######+#####+#### "#???????????? | | #?#####+#???# #?# "#???????????? | | #???### ##??# #?#""""""""""""#???????????? | | #???#"X "#??# """" #?##############???????????? | | #???#"X "#??# """""" #??????????????????????????? | +----------------------------------------------------+ Best States ------------- Heat Dissipation 76 Coolant Potential 100 Energy Generation 45 Energy Capacity 536 Matter Stores 300 Matter Capacity 300 Sight Range 16 Terrain Scan Range 16 Terrain Scan Density 10 ECM Strength 1 Jamming Range 12 Additional Mass Support 9 Armor Coverage 225 Resistance: TH 20 Evasion (%) 55 Targeting Accuracy 16 Armor Integrity Analysis 30 Recoil Reduction 4 Item Schematics ----------------- None Robot Schematics ------------------ None Fabricated ------------ Nothing Alien Tech Used ----------------- None Achievements -------------- A Powerful Ally? Challenges ------------ None Game ------ Seed SurgeBurstSteel Manual? 0 Play Time 02:05:48 Cumulative 99.4 hours Start 2024.01.08 @ 05:51:08 End 2024.01.08 @ 08:11:42 Sessions 1 Manual Loads 0 Difficulty Rogue Special Mode None Game No. 92 Rogue 92 Adventurer 0 Explorer 0 Win Type - Total 0 Types 0/0/0/0/0/0/0/0/0 Lore% 33 Gallery% 47 Achievement% 36 Wizard Run 0 Options --------- ASCII 0 Keyboard 0 Movement Numpad Keybinds 0 Fullscreen 1 Font 24/Proggy Map View 113x50 Zoom Use 0% Tactical HUD 1 Map Filters NONE Filters NONE Steam 1 RUN: fe94fa10-a7b4-4006-ae31-afd686f4543a